Map: 新奇之地-天梯版

Players

PropheT

  • Race: Terran Terran
  • League: Diamond

路殿 - Winner!

  • Race: Zerg Zerg

VOD

Have the link to the VOD?

Description

Time

  • Played on: Nov. 11, 2021, 5:44 a.m.
  • Length: 18:14
Show
View Real Time Build Order
Export as new Build Order

PropheT Terran 

Build Orders: Reaper Expand 

Get SALT Encoding   

  12  0:00  SCV  
  13  0:12  SCV  
  14  0:18  Supply Depot  
  14  0:25  SCV  
  15  0:40  SCV  
  15  0:42  Barracks  
  16  0:51  Refinery  
  16  0:53  SCV  
  17  1:05  SCV  
  18  1:17  SCV  
  19  1:30  Orbital Command  
  19  1:36  Reaper  
  20  1:40  Command Center  
  20  1:53  Barracks  
  20  1:57  SCV  
  21  2:05  Refinery  
  21  2:12  Barracks Reactor  
  21  2:16  Supply Depot, SCV  
  22  2:33  Factory  
  22  2:49  SCV  
  23  2:51  Orbital Command  
  23  2:53  Marine x2  
  23  2:54  Barracks Tech Lab  
  25  3:01  SCV  
  26  3:11  Marine x2  
  28  3:13  SCV  
  28  3:18  Starport  
  28  3:19  Factory Reactor  
  29  3:28  SCV x2  
  29  3:32  Supply Depot  
  30  3:34  Marine x2  
  30  3:37  Stimpack  
  30  3:38  Marine  
  33  3:42  SCV x2  
  35  3:52  Marine x2  
  37  3:55  Marine  
  37  3:58  SCV x2  
  40  4:05  Medivac x2  
  44  4:10  Marine x2  
  44  4:13  Marine  
  44  4:16  SCV  
  44  4:17  SCV  
  49  4:21  Supply Depot  
  49  4:24  Factory Tech Lab  
  49  4:28  Marine x2  
  49  4:29  SCV x2  
  53  4:40  Marine  
  53  4:43  SCV x2  
  53  4:45  Siege Tank  
  59  4:47  Command Center  
  59  4:52  Marine  
  59  4:53  Supply Depot, Marine  
  62  5:00  SCV  
  62  5:12  SCV  
  62  5:14  SCV  
  62  5:16  Marine x3  
  66  5:24  SCV  
  66  5:26  SCV  
  67  5:36  Marine  
  67  5:37  Marine x2  
  70  5:43  Supply Depot x2  
  70  5:44  Barracks x2  
  70  5:45  Engineering Bay  
  70  5:46  Engineering Bay  
  70  5:53  Refinery  
  70  5:58  Siege Tank, SCV x2, Medivac x2  
  70  6:00  Refinery  
  79  6:10  SCV  
  74  6:19  Marine  
  74  6:20  Marine x2  
  77  6:33  SCV x2  
  77  6:35  Terran Infantry Weapons Level 1, Terran Infantry Armor Level 1  
  77  6:37  Barracks Reactor x2, Combat Shield  
  77  6:38  Marine x3  
  82  6:45  SCV  
  82  6:46  SCV  
  84  6:53  Supply Depot  
  84  6:58  SCV x2  
  78  7:10  SCV x2  
  80  7:21  Marine x5  
  80  7:22  Medivac, Siege Tank, Marine x2, SCV x2  
  92  7:23  Supply Depot, Medivac  
  92  7:24  Supply Depot  
  92  7:28  Barracks  
  96  7:30  Barracks  
  96  7:34  SCV x2  
  98  7:39  Orbital Command  
  98  7:46  SCV x2  
  98  7:47  Marine  
  98  7:48  Marine x6  
  107  7:57  Armory  
  107  7:58  SCV x2  
  108  7:59  Medivac x2, Siege Tank  
  116  8:05  Marine x2  
  116  8:06  Marine  
  116  8:10  SCV  
  116  8:12  Marine  
  120  8:13  Marine x3  
  120  8:19  Barracks Reactor x2  
  124  8:23  Marine  
  125  8:32  Supply Depot  
  125  8:33  Supply Depot x2, Refinery  
  125  8:35  Factory  
  125  8:43  Marine x6  
  125  8:44  SCV x3  
  109  8:54  Marine x3  
  109  8:56  SCV x3  
  112  9:06  Marine  
  112  9:07  Marine x7  
  112  9:08  Medivac x2, Siege Tank  
  127  9:10  Terran Infantry Weapons Level 2  
  127  9:12  Marine, Terran Infantry Armor Level 2  
  127  9:16  Refinery  
  126  9:21  Command Center  
  116  9:41  Marine x6  
  116  9:42  Marine  
  115  9:46  SCV x2  
  109  10:20  Marine x11  
  120  10:22  Liberator  
  120  10:24  Medivac, Siege Tank  
  120  10:26  SCV x3  
  131  10:32  Drilling Claws, Terran Vehicle And Ship Armor Level 1  
  131  10:33  Barracks x2  
  131  10:34  Factory Reactor  
  131  10:37  Marine  
  131  10:38  Marine x2, SCV  
  131  10:40  Marine x5  
  131  10:41  Marine x2  
  142  10:54  Medivac  
  142  10:56  Widow Mine  
  135  11:00  Marine x8  
  135  11:01  Marine x3  
  137  11:17  Widow Mine  
  137  11:18  Marine x8  
  141  11:36  SCV x2  
  141  11:37  SCV  
  141  11:39  Marine x11  
  154  11:41  Widow Mine x3, Medivac x2  
  156  11:49  SCV  
  156  11:50  SCV x2  
  156  11:52  Orbital Command  
  159  11:57  Marine x2  
  159  11:58  Marine x3  
  164  12:12  Refinery  
  164  12:13  Marine  
  164  12:15  Marine  
  164  12:16  Marine  
  164  12:18  Marine  
  150  12:24  Marine x7  
  157  12:30  SCV  
  157  12:31  SCV x3, Marine  
  157  12:35  Marine x2  
  164  12:48  Marine  
  164  12:49  SCV x3  
  155  12:57  Marine x6  
  155  12:58  Marine x4  
  148  13:00  Barracks Reactor  
  148  13:01  Barracks Reactor  
  143  13:08  Marine  
  144  13:15  Marine x2  
  112  13:37  Terran Infantry Weapons Level 3, Terran Infantry Armor Level 3  
  112  13:38  Terran Vehicle Weapons Level 1  
  112  13:42  Marine x15  
  112  13:44  Widow Mine x3  
  133  13:51  SCV x3  
  133  13:52  SCV  
  137  13:59  Marine  
  137  14:00  Marine  
  139  14:03  SCV x2  
  139  14:19  SCV x2  
  139  14:20  SCV  
  113  14:44  Marine x13  
  126  14:46  Widow Mine x3  
  134  14:56  Liberator  
  134  14:57  Liberator  
  136  15:01  Marine  
  128  15:20  Marauder, Marine x8  
  137  15:22  Siege Tank  
  137  15:23  Widow Mine x2, Barracks Tech Lab  
  137  15:27  Starport, Barracks Tech Lab  
  137  15:28  Fusion Core, SCV x4  
  148  15:35  Command Center  
  148  15:38  Marine x2  
  148  15:40  SCV x4  
  148  15:41  Ghost Academy, Marauder  
  148  15:52  SCV x3  
  148  15:53  SCV  
  150  16:03  Marauder  
  152  16:04  SCV x2  
  152  16:05  Marine  
  152  16:06  Marine x5  
  152  16:07  Marauder x2  
  164  16:24  Widow Mine x2  
  164  16:25  Medivac, Marauder, Widow Mine  
  163  16:26  Medivac  
  163  16:29  Marauder  
  163  16:33  Marauder  
  108  16:48  Marine x6  
  108  16:49  Marine x3  
  108  16:50  Marauder  
  108  16:51  Orbital Command  
  95  16:55  Marauder  
  95  16:56  Widow Mine x2, Medivac  
  95  16:57  Widow Mine, Medivac  
  95  17:00  SCV  
  95  17:01  SCV x2  
  107  17:08  Ghost  
  107  17:10  Ghost  
  107  17:12  SCV  
  112  17:15  Ghost  
  114  17:25  Starport Reactor  
  114  17:27  Marine  
  115  17:32  Refinery  
  115  17:36  Refinery  
  115  17:41  Ghost  
  115  17:42  Ghost  
Show
View Real Time Build Order
Export as new Build Order

路殿 Zerg - Winner!

Build Orders: Hatch First, Zergling Baneling 

Get SALT Encoding   

  12  0:00  Drone  
  13  0:12  Drone  
  14  0:16  Overlord  
  14  0:24  Extractor, Drone  
  15  0:35  Drone x2  
  17  0:45  Drone  
  18  0:56  Hatchery  
  17  1:02  Drone  
  18  1:18  Extractor  
  18  1:19  Spawning Pool  
  18  1:20  Drone x2  
  18  1:29  Drone  
  19  1:44  Drone  
  20  1:50  Drone  
  22  2:01  Drone  
  22  2:14  Drone x2  
  22  2:15  Queen  
  24  2:18  Hatchery, Metabolic Boost  
  25  2:24  Zergling x2  
  25  2:25  Zergling x2  
  27  2:40  Extractor, Queen  
  28  2:56  Overlord x2  
  28  2:57  Overlord x2  
  28  3:14  Queen  
  30  3:21  Drone x4  
  30  3:22  Drone x2  
  36  3:32  Queen  
  36  3:34  Drone  
  38  3:40  Drone x3  
  41  3:52  Drone x2  
  41  3:53  Drone x3  
  46  3:59  Baneling Nest  
  46  4:02  Lair  
  45  4:10  Drone x3  
  45  4:14  Drone x3  
  45  4:15  Drone  
  52  4:23  Zergling x6  
  55  4:27  Extractor  
  55  4:28  Extractor  
  53  4:32  Extractor  
  53  4:37  Zergling x6  
  53  4:38  Zergling x12  
  60  4:45  Evolution Chamber x2  
  59  4:48  Drone x3  
  62  4:53  Zergling x4  
  62  4:58  Baneling x3  
  62  4:59  Baneling x5  
  64  5:00  Baneling x2  
  64  5:14  Overlord  
  64  5:15  Overlord x3  
  64  5:20  Zerg Melee Weapons Level 1  
  64  5:29  Zerg Ground Armor Level 1  
  64  5:31  Overlord x2  
  62  5:38  Centrifugal Hooks  
  62  5:39  Drone  
  62  5:40  Drone x2  
  65  5:51  Drone  
  66  5:57  Hatchery  
  66  6:01  Drone  
  66  6:02  Drone x6  
  72  6:09  Spire  
  65  6:26  Drone x2  
  65  6:27  Drone x9  
  76  6:35  Spore Crawler  
  76  6:36  Drone x2  
  77  6:45  Extractor  
  77  6:46  Extractor  
  71  7:07  Drone x13  
  76  7:15  Zerg Melee Weapons Level 2  
  76  7:22  Infestation Pit  
  75  7:32  Mutalisk  
  75  7:33  Mutalisk x4  
  75  7:35  Overlord x2  
  75  7:36  Overlord x4  
  85  7:40  Extractor  
  85  7:41  Zergling x4  
  86  7:45  Extractor  
  86  7:46  Zerg Ground Armor Level 2  
  85  7:52  Spore Crawler  
  85  7:53  Zergling x2  
  85  7:54  Zergling x10  
  85  7:57  Mutalisk  
  92  8:08  Zergling x14  
  92  8:11  Queen x3  
  92  8:12  Queen  
  107  8:15  Zerg Flyer Weapons Level 1  
  107  8:20  Baneling x2  
  107  8:21  Baneling x7  
  107  8:22  Baneling x4, Zergling x2  
  107  8:23  Zergling x4  
  88  8:59  Zergling x2  
  88  9:00  Zergling x16  
  89  9:07  Zergling x2  
  89  9:08  Zergling x20  
  100  9:15  Zergling x10  
  100  9:16  Zergling x2  
  98  9:29  Baneling x2  
  98  9:30  Baneling x4  
  98  9:31  Zergling x4  
  96  9:32  Zergling x6  
  96  9:33  Queen x4  
  95  9:42  Drone  
  95  9:43  Drone x5  
  94  9:49  Mutalisk x3  
  98  9:53  Drone  
  99  10:02  Mutalisk x3  
  99  10:03  Mutalisk  
  105  10:11  Zergling x10  
  107  10:22  Hive  
  107  10:25  Zergling x2  
  107  10:26  Zergling x10  
  113  10:35  Zergling x8  
  117  10:42  Zerg Flyer Weapons Level 2  
  117  10:44  Zergling x4  
  117  10:45  Hatchery  
  114  11:02  Zergling x2  
  114  11:03  Zergling x24  
  127  11:12  Overlord x3  
  127  11:13  Overlord x3  
  127  11:36  Ultralisk Cavern  
  126  11:47  Baneling x9  
  115  11:48  Baneling x5  
  115  11:49  Zergling x2  
  115  11:50  Zergling x22  
  127  12:03  Zergling x2  
  127  12:04  Zergling x8  
  125  12:31  Ultralisk x7  
  125  12:33  Baneling x3  
  125  12:34  Baneling x6  
  139  13:00  Ultralisk x4  
  139  13:01  Corruptor  
  139  13:02  Corruptor  
  153  13:38  Chitinous Plating  
  147  13:45  Corruptor x3  
  147  13:46  Corruptor x2  
  147  13:47  Overlord  
  147  13:48  Overlord x8  
  157  13:49  Overlord x6  
  157  14:00  Zerg Melee Weapons Level 3, Zerg Ground Armor Level 3  
  157  14:01  Adrenal Glands  
  155  14:16  Corruptor x3  
  157  14:25  Overseer x4  
  157  14:26  Pneumatized Carapace  
  146  14:43  Zergling x2  
  146  14:44  Zergling x46  
  163  14:57  Anabolic Synthesis  
  147  15:10  Zergling x2  
  147  15:11  Zergling x26  
  158  15:17  Zerg Flyer Weapons Level 3  
  158  15:24  Baneling x6  
  158  15:32  Hatchery  
  158  15:34  Viper  
  158  15:35  Viper x2  
  166  15:36  Zergling x2  
  141  15:58  Ultralisk x2  
  153  16:06  Drone x3  
  156  16:13  Baneling x7  
  156  16:14  Baneling x5  
  120  16:59  Ultralisk x5  
  150  17:19  Zergling x2  
  150  17:20  Zergling x26  
  164  17:31  Extractor  
  164  17:33  Drone  
  164  17:34  Drone x5  
  164  17:35  Extractor  
  168  17:47  Baneling x8  
  168  17:48  Baneling  
  167  17:56  Extractor  
  167  17:57  Extractor  
Tags
 
Add a new tag
Caveats
  • Supply blocks, unpowered buildings, or Contaminate may cause inaccurate times.
  • Supply counts are checked every 10 seconds.